 Dungeon Crawl Stone Soup version 0.26-a0-652-gafc20e3620 (webtiles) character file.

Game seed: 15393935421361859701

1125 ringo67 the Insei (level 8, -2/54 HPs)
             Began as an Octopode Transmuter on Oct 3, 2020.
             Slain by a centaur zombie (4 damage)
             ... on level 5 of the Dungeon.
             The game lasted 00:13:13 (8155 turns).

ringo67 the Insei (Octopode Transmuter)             Turns: 8155, Time: 00:13:14

Health: -2/54      AC:  2    Str: 11    XL:     8   Next: 35%
Magic:  8/11       EV: 20    Int: 15    God:
Gold:   204        SH:  0    Dex: 18    Spells: 3/11 levels left

rFire    . . .     SeeInvis .     - Unarmed
rCold    . . .     Faith    .   (shield currently unavailable)
rNeg     . . .     Spirit   .   (helmet currently unavailable)
rPois    x         Reflect  .   (no amulet)
rElec    .         Harm     .   (no ring)
rCorr    .         Rampage  .   (no ring)
MR       .....                  (no ring)
Stlth    ++........             (no ring)
HPRegen  0.18/turn              (no ring)
MPRegen  0.12/turn              (no ring)
                                (no ring)
                                (no ring)

@: spider-form
A: tiny, almost no armour, stealthy swim, (amphibious), 8 rings, (constrict 8)
a: End Transformation


You were on level 5 of the Dungeon.
You were a venomous arachnid creature.
You visited 2 branches of the dungeon, and saw 6 of its levels.

You collected 204 gold pieces.

Inventory:

Hand Weapons
 g - a +2 dagger of venom (melded)
Armour
 h - a +0 kite shield
Jewellery
 j - an uncursed ring of see invisible
Wands
 m - a wand of acid (9)
Scrolls
 a - a scroll of magic mapping {unknown}
 b - 3 scrolls of remove curse {unknown}
 c - a scroll of blinking {unknown}
 d - 5 scrolls of identify {unknown}
 l - a scroll of teleportation {unknown}
 n - a scroll of noise {unknown}
 o - a scroll of enchant weapon {unknown}
 p - a scroll of fear {unknown}
Potions
 e - 2 potions of lignification {unknown}
 f - a potion of ambrosia {unknown}
 i - a potion of cancellation
 k - a potion of flight
 q - a potion of invisibility {unknown}


   Skills:
 + Level 4.7 Fighting
 - Level 2.0 Dodging
 + Level 6.8 Unarmed Combat
 - Level 2.0 Spellcasting
 + Level 5.1 Transmutations
 + Level 3.2 Poison Magic


You had 3 spell levels left.
You knew the following spells:

 Your Spells              Type           Power        Failure   Level
a - Beastly Appendage     Tmut           ###...       10%         1
b - Spider Form           Tmut/Pois      ##........   28%         3
c - Ice Form              Ice/Tmut       #.......     80%         4

Your spell library contained the following spells:

 Spells                   Type           Power        Failure   Level
 Wereblood                Tmut           ###.....     13%         2
 Passwall                 Tmut/Erth      #.......     28%         2
 Animate Skeleton         Necr           #.....       43%         1
 Apportation              Tloc           #.....       43%         1
 Corona                   Hex            #......      43%         1
 Sandblast                Erth           #.....       43%         1
 Summon Small Mammal      Summ           #...         43%         1
 Stone Arrow              Conj/Erth      #.....       75%         3
 Blade Hands              Tmut           ###.......   78%         5
 Petrify                  Tmut/Erth      #.......     80%         4
 Lee's Rapid Deconstruct  Erth           #.........   100%        5


Dungeon Overview and Level Annotations

Branches:
Dungeon (5/15)             Temple (1/1) D:4

Altars:
Ashenzari
Cheibriados
Dithmenos
Gozag
Hepliaklqana
Kikubaaqudgha
Makhleb
Nemelex Xobeh
Okawaru
Qazlal
Vehumet
Zin
The Shining One
Lugonu

Shops:
D:5 *=

Annotations:
D:4 1 runed translucent door, Crazy Yiuf


Innate Abilities, Weirdness & Mutations

You cannot wear most types of armour.
You are very stealthy in the water. (Stealth+)
((You are amphibious.))
You can wear up to eight rings at the same time.
((You can use your tentacles to constrict eight enemies at once.))
((Your skin changes colour to match your surroundings (Stealth+).))
((Your rubbery body absorbs attacks. (AC +1, EV +1)))


Message History

* * * LOW HITPOINT WARNING * * *
The white imp freezes you.
* * * LOW HITPOINT WARNING * * *
The centaur zombie barely misses you.
You hit the white imp.
The white imp is almost dead.
You constrict the white imp.
You kill the white imp!
The centaur zombie hits you.
* * * LOW HITPOINT WARNING * * *
Casting: Spider Form (dangerous; 12% risk of failure)
Confirm with . or Enter, or press ? or * to list all spells.
You turn into a venomous arachnid creature.
Your +2 dagger of venom melds into your body.
Your +2 dagger of venom stops dripping with poison.
The centaur zombie misses you.
You bite the centaur zombie!
The centaur zombie is moderately damaged.
The centaur zombie hits you.
You die...

#####.#..# ..
#............ #.#..# ...
#.........### #.#..#
...... #.........#
..#..#..... . ###########
#######........ .##
......#.#.....[ ..##
........#.#.#####..###
........#...# ##.....##
........##..###.sZ....##
....)...##..##...≈≈≈...##
........##..##..≈≈≈≈≈....
........#[.>.†..≈≈♣≈≈....
........#...##..≈≈≈≈≈....
#######.#..##♣...≈≈≈...♣#
##'#.## ♣♣.......♣♣
#....# ♣♣.....♣♣ #....#
♣♣...♣♣


You could see a centaur zombie.

Vanquished Creatures
  Eustachio (D:5)
  2 sky beasts (D:5)
  An orc warrior (D:5)
  2 ogres (D:5)
  A howler monkey (D:4)
  3 orc priests
  A centaur skeleton (D:5)
  A hound (D:4)
  6 orc wizards
  6 adders
  A shadow imp (D:5)
  2 white imps (D:5)
  3 ufetubi (D:5)
  2 adder skeletons (D:4)
  5 dart slugs
  13 orcs
  A ball python (D:5)
  11 bats
  2 giant cockroaches
  9 goblins
  11 hobgoblins
  10 jackals
  A quokka (D:4)
  6 frilled lizards
  5 kobolds
  5 rats
111 creatures vanquished.

Notes
Turn   | Place    | Note
-------+----------+-------------------------------------------
     0 | D:1      | ringo67 the Octopode Transmuter began the quest for the
                  | Orb.
     0 | D:1      | Reached XP level 1. HP: 13/13 MP: 3/3
   392 | D:1      | Reached XP level 2. HP: 14/18 MP: 5/5
  1034 | D:1      | Reached XP level 3. HP: 23/23 MP: 6/6
  1538 | D:2      | Found an opulent altar of Gozag.
  2083 | D:2      | Found a faded altar of an unknown god.
  2784 | D:2      | Reached skill level 4 in Unarmed Combat
  2784 | D:2      | Reached XP level 4. HP: 9/29 MP: 7/7
  3379 | D:2      | Reached XP level 5. HP: 6/35 MP: 8/8
  4377 | D:3      | Reached skill level 5 in Unarmed Combat
  4377 | D:3      | Reached XP level 6. HP: 24/41 MP: 9/9
  4992 | D:4      | Found a runed translucent door.
  4993 | D:4      | Noticed Crazy Yiuf
  5021 | D:4      | Found an ancient bone altar of Kikubaaqudgha.
  5223 | D:3      | HP: 1/42 [something (3)]
  5454 | D:4      | Found a snail-covered altar of Cheibriados.
  5894 | D:4      | Noticed a phantom
  5981 | D:4      | Found a staircase to the Ecumenical Temple.
  6001 | Temple   | Entered the Ecumenical Temple
  6470 | D:5      | Entered Level 5 of the Dungeon
  6503 | D:5      | Found Pipoili's Jewellery Shop.
  6537 | D:5      | Reached XP level 7. HP: 30/46 MP: 10/10
  6665 | D:5      | Reached skill level 6 in Unarmed Combat
  7201 | D:5      | Learned a level 3 spell: Spider Form
  7206 | D:5      | Learned a level 4 spell: Ice Form
  7214 | D:5      | Noticed Eustachio
  7412 | D:5      | Killed Eustachio
  7412 | D:5      | Reached skill level 1 in Poison Magic
  7751 | D:5      | Reached XP level 8. HP: 40/54 MP: 8/11
  7906 | D:5      | Found a hazy altar of Hepliaklqana.
  7962 | D:5      | Found Osuses's Assorted Antiques.
  8080 | D:5      | Reached skill level 5 in Transmutations
  8152 | D:5      | HP: 1/54 [centaur zombie (5)]
  8155 | D:5      | Slain by a centaur zombie

Illustrated notes

Levels and vault maps discovered:
D:1:      ncdulo_wetmaze, layout_loops_ring, minmay_tripent
D:2:      layout_basic, lemuel_doored_altar, chequers_ecumenical_altar_twisty,
          kennysheep_pointless_box, minmay_misc_feat_pillars
D:3:      layout_basic
D:4:      layout_loops_ring, lemuel_coloured_pillars_altar,
          kiku_gazebo_pond_becter, nicolae_overflow_hidden_temple,
          minmay_temple_entry_statues, uniq_crazy_yiuf_cottage
D:5:      layout_basic, elyvilon_altar_3, old_standard_altar, serial_shops,
          shop, shop, nicolae_shop_behind_doors, uniq_eustachio
Temple:   corrupted_temple

Skill      XL: |  1  2  3  4  5  6  7  8 |
---------------+-------------------------+-----
Unarmed Combat | 4 5 6 |  6.8
Fighting       | 2 3 4 |  4.7
Transmutations | 3 4 5 |  5.1
Poison Magic   | 2 3 |  3.2
Dodging        | |  2.0
Spellcasting   | |  2.0

Action                   |  1- 3 |  4- 6 |  7- 9 || total
-------------------------+-------+-------+-------++-------
Melee: Unarmed           |    49 |       |    26 ||    75
       Constrict         |    30 |    36 |    10 ||    76
       Tentacles         |     9 |    18 |     8 ||    35
       Kick              |     6 |       |       ||     6
       Punch             |     1 |     6 |     3 ||    10
       Dagger            |    31 |   143 |    44 ||   218
 Cast: Beastly Appendage |     5 |     2 |       ||     7
       Spider Form       |       |       |     5 ||     5
  Use: Potion            |     1 |     5 |       ||     6
 Stab: Sleeping          |     5 |     3 |     1 ||     9
Armor: Skin              |     2 |    10 |     6 ||    18
Dodge: Dodged            |    36 |    68 |    56 ||   160
Block: Kite shield       |     7 |    48 |     2 ||    57

Table legend: (Time is in decaauts)
 A = Elapsed time spent in this place.
 B = Non-inter-level travel time spent in this place.
 C = Inter-level travel time spent in this place.
 D = Time resting spent in this place.
 E = Time spent auto-exploring this place.
 F = Levels seen in this place.
 G = Mean time per level.
                   A        B        C        D        E       F      G
               +--------+--------+--------+--------+--------+-----+--------+
         Total |   8184 |   8012 |    172 |   3821 |   2845 |   6 | 1364.0 |
       Dungeon |   8140 |   7976 |    164 |   3821 |   2823 |   5 | 1628.0 |
        Temple |     43 |     35 |      8 |      0 |     22 |   1 |   43.0 |
               +--------+--------+--------+--------+--------+-----+--------+

Top non-repeatable levels by time:
     D:2: 2552 daAuts
     D:5: 1599 daAuts
     D:3: 1504 daAuts
     D:4: 1396 daAuts
     D:1: 1088 daAuts
  Temple: 43 daAuts
